 Dungeon Crawl Stone Soup version 0.30-a0-218-gedb9141078 (webtiles) character file.

Game seed: 9756505012596282786

37 IdlyInterested the Trooper (level 3, -5/27 HPs)
             Began as a Demonspawn Wanderer on Oct 5, 2022.
             Succumbed to a goblin's poison
             ... on level 2 of the Dungeon.
             The game lasted 00:04:11 (1109 turns).

IdlyInterested the Trooper (Demonspawn Wanderer)    Turns: 1109, Time: 00:04:11

Health: -5/27      AC:  4    Str: 15    XL:     3   Next: 21%
Magic:  4/4        EV: 11    Int: 13    God:
Gold:   48         SH:  3    Dex: 11    Spells: 3/4 levels left

rFire   . . .      SeeInvis .    a - +2 mace
rCold   . . .      Faith    .    b - +0 buckler
rNeg    . . .      Spirit   .    d - +0 leather armour
rPois   .          Reflect  .    (no helmet)
rElec   .          Harm     .    (no cloak)
rCorr   .          Rampage  .    m - +0 pair of gloves
Will    .....                    (no boots)
Stlth   +.........               (no amulet)
HPRegen 0.24/turn                (no ring)
MPRegen 0.09/turn                (no ring)

@: lethally poisoned (-5 -> -31), attractive
A: weakness stinger 1
a: no special abilities


You were on level 2 of the Dungeon.
You visited 1 branch of the dungeon, and saw 2 of its levels.

You collected 48 gold pieces.

Inventory:

Hand Weapons
 a - a +2 mace (weapon)
 n - a +0 hand axe
Missiles
 h - 2 poisoned darts
Armour
 b - a +0 buckler (worn)
 d - a +0 leather armour (worn)
 m - a +0 pair of gloves (worn)
Scrolls
 f - a scroll of enchant weapon {unknown}
 i - 2 scrolls of teleportation {unknown}
 j - a scroll of fear {unknown}
 k - a scroll of silence {unknown}
 l - a scroll of torment {unknown}
Potions
 g - a potion of attraction


   Skills:
 - Level 2.0 Fighting
 - Level 2.0 Maces & Flails
 - Level 0.6 Throwing
 - Level 2.0 Armour
 * Level 1.1 Dodging
 - Level 1.1 Stealth
 - Level 1.0 Shields
 - Level 1.0 Spellcasting
 * Level 0.8 Conjurations
 - Level 2.0 Necromancy


You had 3 spell levels left.
You knew the following spells:

 Your Spells              Type           Power      Damage    Failure   Level
a - Kiss of Death         Conj/Necr      16%        2d6       26%         1

Your spell library contained the following spells:

 Spells                   Type           Power      Damage    Failure   Level
 Vampiric Draining        Necr           5%         2d6       52%         3


Dungeon Overview and Level Annotations

Branches:
Dungeon (2/15)

Altars:

Annotations:
D:2 Robin


Innate Abilities, Weirdness & Mutations

You have a small tail.


Message History

A goblin comes into view. It is wielding a +0 dagger.
The goblin shouts!
You aren't carrying any items that you can evoke.
Unknown command.
You hit the goblin.
The goblin is heavily wounded.
The goblin hits you with a +0 dagger.
Robin roars a battlecry!
You hit the goblin.
You kill the goblin!
Robin roars a battlecry!
You barely miss the goblin. The goblin hits you but does no damage.
You are poisoned.
A goblin comes into view. It is wielding a +0 club.
The goblin hits you with a +0 dagger of venom.
* * * LOW HITPOINT WARNING * * *
You are more poisoned.
You feel much better.
You feel very sick. The goblin barely misses you.
You closely miss the goblin.
Your tail-slap misses the goblin.
You feel very sick.
A goblin comes into view. It is wielding a +0 dagger.
The goblin hits you with a +0 dagger of venom.
You closely miss the goblin.
You feel very sick.
The goblin hits you with a +0 dagger of venom.
* * * LOW HITPOINT WARNING * * *
You are lethally poisoned!
The goblin hits you with a +0 dagger of venom.
* * * LOW HITPOINT WARNING * * *
You are more poisoned.
It was a potion of attraction.
You feel attractive to monsters.
* * * LOW HITPOINT WARNING * * *
You feel very sick. The goblin hits you but does no damage.
You are more poisoned.
It was a potion of magic.
Magic courses through your body.
You die...

#.<....#.#.#
.#####..###....#
........# #.#.#
###
...)...g###g.#
...#
####..g...gg##
#.. ##......gg##
#..
##.######g###.#
#. ##g#.# #.
##@# #+ ###


You could see Robin and 6 goblins.

Vanquished Creatures
  A dart slug (D:1)
  5 ball pythons (D:1)
  5 bats (D:1)
  2 endoplasms (D:1)
  4 goblins
  3 hobgoblins (D:1)
  2 quokkas (D:1)
  4 frilled lizards (D:1)
  A kobold (D:1)
  8 rats (D:1)
35 creatures vanquished.

Notes
Turn   | Place    | Note
-------+----------+-------------------------------------------
     0 | D:1      | IdlyInterested the Demonspawn Wanderer began the quest for
                  | the Orb.
     0 | D:1      | IdlyInterested set off with the following items: a +2 mace,
                  | a +0 buckler, a potion of heal wounds, a +0 leather armour;
                  | and the following spell memorised: Kiss of Death; and the
                  | following spells available to memorise: Vampiric Draining.
     0 | D:1      | Reached XP level 1. HP: 16/16 MP: 2/2
   107 | D:1      | Discovered your monstrous ancestry.
   107 | D:1      | Gained mutation: You have a small tail. [demonic ancestry]
   107 | D:1      | Reached XP level 2. HP: 15/22 MP: 3/3
   517 | D:1      | Found a faded altar of an unknown god.
   679 | D:1      | Reached XP level 3. HP: 17/27 MP: 4/4
   766 | D:1      | Reached skill level 1 in Dodging
   928 | D:1      | You fall into a shaft and drop 1 floor!
  1083 | D:2      | Noticed Robin
  1108 | D:2      | HP: 1/27 [poisoned by a goblin]
  1109 | D:2      | Succumbed to a goblin's poison

Illustrated notes

Levels and vault maps discovered:
D:1:      amcnicky_arrival_choice, layout_basic,
          shapermc_ecumenical_altar_acropolis
D:2:      layout_loops_corners, uniq_robin, uniq_sigmund

Skill      XL: |  1  2  3 |
---------------+----------+-----
Armour         | 2 |  2.0
Maces & Flails | 2 |  2.0
Necromancy     | 2 |  2.0
Dodging        | 1 |  1.1
Fighting       | |  2.0
Throwing       | |  0.6
Stealth        | |  1.1
Shields        | |  1.0
Spellcasting   | |  1.0
Conjurations   | |  0.8

Action                   || total
-------------------------++-------
Melee: Mace              ||    92
       Tailslap          ||     3
  Use: Potion            ||     3
 Stab: Sleeping          ||     3
Armor: Leather armour    ||    27
Dodge: Dodged            ||    45
Block: Buckler           ||    12

Table legend: (Time is in decaauts)
 A = Elapsed time spent in this place.
 B = Non-inter-level travel time spent in this place.
 C = Inter-level travel time spent in this place.
 D = Time resting spent in this place.
 E = Time spent auto-exploring this place.
 F = Levels seen in this place.
 G = Mean time per level.
                   A        B        C        D        E       F      G
               +--------+--------+--------+--------+--------+-----+--------+
         Total |   1143 |   1086 |     57 |    138 |    620 |   2 |  571.5 |
       Dungeon |   1143 |   1086 |     57 |    138 |    620 |   2 |  571.5 |
               +--------+--------+--------+--------+--------+-----+--------+

Top non-repeatable levels by time:
     D:1: 1072 daAuts
     D:2: 70 daAuts
